[Event "Gibraltar Masters 18th"]
[Site "Gibraltar"]
[Date "2020.01.24"]
[Round "4.19"]
[White "Karthikeyan, Murali"]
[Black "Sardana, Rishi"]
[Result "1/2-1/2"]
[ECO "B90"]
[WhiteElo "2606"]
[BlackElo "2437"]
[PlyCount "113"]
[EventDate "2020.01.21"]
[EventType "swiss"]
[EventRounds "10"]
[EventCountry "GGB"]
[SourceTitle "BritBase"]
[Source "John Saunders"]
[SourceDate "2021.06.05"]
[SourceVersion "1"]
[SourceVersionDate "2021.06.05"]
[SourceQuality "1"]
[TimeControl "40/100:0"]
[WhiteClock "0:05:09"]
[BlackClock "0:26:58"]

1. e4 c5 2. Nf3 d6 3. d4 cxd4 4. Nxd4 Nf6 5. Nc3 a6 6. h3 Nc6 7. g4 g6 8. Be3 Nxd4 9. Qxd4 Bg7 10. Qb4 O-O 11. O-O-O b5 12. e5 Ne8 13. Bg2 Rb8 14. Ba7 a5 15. Qd4 Bb7 16. Bxb8 Bxg2 17. Qa7 Bxh1 18. Rxh1 Bxe5 19. Nd5 e6 20. Ne7+ Kh8 21. Kb1 Bg7 22. g5 f6 23. Re1 e5 24. gxf6 Bxf6 25. Nc6 Qc8 26. Qb6 Qxh3 27. Qxb5 Qd7 28. a4 Ng7 29. Rd1 Nf5 30. Bxd6 Nxd6 31. Qc5 e4 32. Rxd6 Qb7 33. c3 Bg7 34. Nxa5 Qf7 35. Nc6 Qf3 36. a5 Qe2 37. Ka2 Qc2 38.
Rd7 Qa4+ 39. Kb1 e3 40. Qe7 Rg8 41. Nd8 h6 42. fxe3 Qxa5 43.
Nf7+ Kh7 44. Nd6 Qa6 45. Ne8 Qf1+ 46. Kc2 Qe2+ 47. Kb1 Qf1+ 48. Kc2 Qe2+ 49. Rd2 Qa6 50. Qd7 Kh8 51. e4 Qa8 52. Nd6 Rb8 53. Nf7+ Kh7 54. Ng5+ Kh8 55. Nf7+ Kh7 56. Ng5+ Kh8 57. Nf7+ 1/2-1/2

[Event "Gibraltar Masters 18th"]
[Site "Gibraltar"]
[Date "2020.01.24"]
[Round "4.20"]
[White "Kozak, Adam"]
[Black "Pichot, Alan"]
[Result "1/2-1/2"]
[ECO "D39"]
[WhiteElo "2523"]
[BlackElo "2606"]
[PlyCount "69"]
[EventDate "2020.01.21"]
[EventType "swiss"]
[EventRounds "10"]
[EventCountry "GGB"]
[SourceTitle "BritBase"]
[Source "John Saunders"]
[SourceDate "2021.06.05"]
[SourceVersion "1"]
[SourceVersionDate "2021.06.05"]
[SourceQuality "1"]
[TimeControl "40/100:0"]
[WhiteClock "0:21:10"]
[BlackClock "0:22:08"]

1. d4 d5 2. c4 e6 3. Nc3 Bb4 4. Nf3 Nf6 5. Qa4+ Nc6 6. Bg5 dxc4 7. e4 h6 8. Bxf6 Qxf6 9. Bxc4 Bxc3+ 10. bxc3 Bd7 11. Bb5 a6 12. O-O O-O 13. Bxc6 Bxc6 14. Qc2 Rfd8 15. c4 Qe7 16. Rfe1 Be8 17. Qc3 c5 18. d5 b5 19. Rad1 bxc4 20. Qxc4 Bb5 21. Qc2 exd5 22. exd5 Qd6 23. a4 Bd7 24. Ne5 Re8 25. Nxd7 Qxd7 26. Qxc5 Qxa4 27. h3 Qb5 28. Rxe8+ Rxe8 29. Qd4 a5 30. d6 Qd7 31. Qb6 a4 32. Qc7 Rd8 33. Ra1 Qxd6 34. Qxd6 Rxd6 35. Rxa4 1/2-1/2

[Event "Gibraltar Masters 18th"]
[Site "Gibraltar"]
[Date "2020.01.24"]
[Round "4.21"]
[White "Navara, David"]
[Black "Buksa, Nataliya"]
[Result "1-0"]
[ECO "E06"]
[WhiteElo "2717"]
[BlackElo "2403"]
[PlyCount "58"]
[EventDate "2020.01.21"]
[EventType "swiss"]
[EventRounds "10"]
[EventCountry "GGB"]
[SourceTitle "BritBase"]
[Source "John Saunders"]
[SourceDate "2021.06.05"]
[SourceVersion "1"]
[SourceVersionDate "2021.06.05"]
[SourceQuality "1"]
[TimeControl "40/100:0"]
[WhiteClock "0:40:13"]
[BlackClock "0:16:59"]

1. Nf3 d5 2. g3 Nf6 3. Bg2 e6 4. d4 Be7 5. c4 O-O 6. Nc3 Nbd7 7. Qd3 b6 8. cxd5 Nxd5 9. O-O Bb7 10. Rd1 c5 11. e4 Nxc3 12. bxc3 Rc8 13. Bb2 Qc7 14. Rac1 Rfd8 15. Qe2 cxd4 16. cxd4 Qb8 17. Bh3 Rxc1 18. Rxc1 a6 19. d5 exd5 20. e5 Nc5 21. Nd4 Re8 22. e6 Bf6 23.
exf7+ Kxf7 24. Qh5+ Kg8 25. Bf5 h6 26. Qg6 Qd8 27. Qh7+ Kf8 28.
Bg6 Re4 29. Nf5 Rf4 1-0

[Event "Gibraltar Masters 18th"]
[Site "Gibraltar"]
[Date "2020.01.24"]
[Round "4.22"]
[White "Matlakov, Maxim"]
[Black "Gunina, Valentina"]
[Result "1/2-1/2"]
[ECO "D30"]
[WhiteElo "2698"]
[BlackElo "2461"]
[PlyCount "91"]
[EventDate "2020.01.21"]
[EventType "swiss"]
[EventRounds "10"]
[EventCountry "GGB"]
[SourceTitle "BritBase"]
[Source "John Saunders"]
[SourceDate "2021.06.05"]
[SourceVersion "1"]
[SourceVersionDate "2021.06.05"]
[SourceQuality "1"]
[TimeControl "40/100:0"]
[WhiteClock "0:06:08"]
[BlackClock "0:12:44"]

1. d4 Nf6 2. c4 e6 3. Nf3 d5 4. Bg5 c6 5. e3 Nbd7 6. Qc2 Qa5+ 7. Nbd2 h6 8.
Bxf6 Nxf6 9. Be2 Be7 10. O-O O-O 11. a4 dxc4 12. Nxc4 Qc7 13. a5 Bd7 14. Rfc1 Rac8 15. Nce5 a6 16. Nd3 Rcd8 17. Nfe5 Nd5 18. Qb3 Be8 19. g3 Rb8 20. h4 f6 21. Nc4 Qd8 22. Rd1 Bf7 23.
e4 Nc7 24. Nf4 g5 25. Ng2 Nb5 26. Qe3 Qc7 27. hxg5 hxg5 28. e5 f5 29. Nb6 Rbd8 30. Rac1 Qb8 31. Ne1 Bg6 32. Nf3 f4 33. Qb3 Nc7 34. g4 Be4 35. Kg2 Kg7 36. Bd3 Bxf3+ 37. Kxf3 Rh8 38. Rh1 Rxd4 39. Bb1 Rd2 40. Kg2 Qd8 41. Rxh8 Qxh8 42. Qf3 Rxb2 43. Nc4 Rb4 44. Rh1 Qxh1+ 45. Kxh1 Rxb1+ 46. Kh2 1/2-1/2

[Event "Gibraltar Masters 18th"]
[Site "Gibraltar"]
[Date "2020.01.24"]
[Round "4.24"]
[White "Batsiashvili, Nino"]
[Black "Saric, Ivan"]
[Result "1/2-1/2"]
[ECO "E91"]
[WhiteElo "2456"]
[BlackElo "2655"]
[PlyCount "85"]
[EventDate "2020.01.21"]
[EventType "swiss"]
[EventRounds "10"]
[EventCountry "GGB"]
[SourceTitle "BritBase"]
[Source "John Saunders"]
[SourceDate "2021.06.05"]
[SourceVersion "1"]
[SourceVersionDate "2021.06.05"]
[SourceQuality "1"]
[TimeControl "40/100:0"]
[WhiteClock "0:50:30"]
[BlackClock "0:59:20"]

1. d4 Nf6 2. c4 c5 3. d5 g6 4. Nc3 Bg7 5. e4 d6 6. Nf3 O-O 7. Be2 e6 8. O-O Re8 9. Re1 exd5 10. exd5 Ne4 11. Nxe4 Rxe4 12. Bg5 Bf6 13. Bxf6 Qxf6 14. Qb3 Na6 15. Bf1 Rxe1 16. Rxe1 Nc7 17. Nd2 Qd8 18. Ne4 f5 19. Nd2 b6 20. Nf3 Bd7 21. Qc3 Qf8 22. h4 h6 23. Bd3 Ne8 24. b4 cxb4 25.
Qxb4 Qf6 26. a4 g5 27. hxg5 hxg5 28. Qd2 f4 29. Nd4 Ng7 30. Nc6 Re8 31. a5 bxa5 32. Qxa5 Rxe1+ 33. Qxe1 g4 34. c5 dxc5 35. Qe5 Ne8 36. Qe4 Bxc6 37. dxc6 Kf8 38. Qd5 Qd6 39. Qf5+ Ke7 40. Qg5+ Kf8 41. Qf5+ Ke7 42. Qg5+ Kf8 43. Qf5+ 1/2-1/2

[Event "Gibraltar Masters 18th"]
[Site "Gibraltar"]
[Date "2020.01.24"]
[Round "4.25"]
[White "Mammadzada, Gunay"]
[Black "Sasikiran, Krishnan"]
[Result "0-1"]
[ECO "B06"]
[WhiteElo "2455"]
[BlackElo "2648"]
[PlyCount "82"]
[EventDate "2020.01.21"]
[EventType "swiss"]
[EventRounds "10"]
[EventCountry "GGB"]
[SourceTitle "BritBase"]
[Source "John Saunders"]
[SourceDate "2021.06.05"]
[SourceVersion "1"]
[SourceVersionDate "2021.06.05"]
[SourceQuality "1"]
[TimeControl "40/100:0"]
[WhiteClock "0:01:05"]
[BlackClock "0:04:18"]

1. e4 g6 2. d4 Bg7 3. Nc3 d6 4. Be3 a6 5. Qd2 b5 6. h4 h5 7. f3 Nd7 8. O-O-O Bb7 9. Nh3 Ngf6 10. Ng5 e6 11. Kb1 Qe7 12. Rg1 Rc8 13. Ne2 c5 14. dxc5 dxc5 15. c4 bxc4 16. Bf4 Rc6 17. Bd6 Rxd6 18. Qxd6 Qxd6 19. Rxd6 Ke7 20. Rd2 Nb6 21. Rc2 Nfd7 22. g3 Rb8 23. Nc3 Bd4 24. Rh1 Ne5 25. Be2 Bc6 26. Ka1 Na4 27. Rb1 Bb5 28. f4 Nd3 29. Nf3 Nb4 30.
Rcc1 Be3 31. Nxa4 Bxa4 32. Ne5 Rd8 33. Rxc4 Rd2 34. Rxb4 cxb4 35. Bxa6 Rg2 36. Nd3 Bd2 37. Bc4 Bc2 38. Ne1 Bxb1 39. Nxg2 Bxe4 40. Bf1 Kd6 41. a4 b3 0-1

[Event "Gibraltar Masters 18th"]
[Site "Gibraltar"]
[Date "2020.01.24"]
[Round "4.26"]
[White "Atalik, Ekaterina"]
[Black "Tabatabaei, M.Amin"]
[Result "0-1"]
[ECO "E67"]
[WhiteElo "2450"]
[BlackElo "2638"]
[PlyCount "62"]
[EventDate "2020.01.21"]
[EventType "swiss"]
[EventRounds "10"]
[EventCountry "GGB"]
[SourceTitle "BritBase"]
[Source "John Saunders"]
[SourceDate "2021.06.05"]
[SourceVersion "1"]
[SourceVersionDate "2021.06.05"]
[SourceQuality "1"]
[TimeControl "40/100:0"]
[WhiteClock "0:04:08"]
[BlackClock "0:24:26"]

1. d4 Nf6 2. g3 g6 3. Bg2 Bg7 4. Nf3 O-O 5. O-O d6 6. b3 c6 7. Bb2 Nbd7 8. c4 Re8 9. Nc3 e5 10. e3 e4 11. Nd2 d5 12. cxd5 cxd5 13.
Rc1 a6 14. Na4 Nf8 15. Qc2 Ne6 16. Nc5 Ng5 17. Na4 b5 18. Nc5 h5 19. Kh1 Ra7 20. h4 Ngh7 21. Rce1 Bf5 22. Qd1 Rae7 23. Nxa6 Ng4 24. Nc5 Bf6 25. Nf3 exf3 26. Qxf3 Bxh4 27. Qxd5 Qxd5 28. Bxd5 Bxg3 29. e4 Bxf2 30. Rc1 Nhf6 31. Bc6 Nxe4 0-1

[Event "Gibraltar Masters 18th"]
[Site "Gibraltar"]
[Date "2020.01.24"]
[Round "4.27"]
[White "Deac, Bogdan-Daniel"]
[Black "Horvath, Dominik"]
[Result "1-0"]
[ECO "D43"]
[WhiteElo "2626"]
[BlackElo "2449"]
[PlyCount "87"]
[EventDate "2020.01.21"]
[EventType "swiss"]
[EventRounds "10"]
[EventCountry "GGB"]
[SourceTitle "BritBase"]
[Source "John Saunders"]
[SourceDate "2021.06.05"]
[SourceVersion "1"]
[SourceVersionDate "2021.06.05"]
[SourceQuality "1"]
[TimeControl "40/100:0"]
[WhiteClock "0:50:53"]
[BlackClock "0:47:44"]

1. c4 e6 2. Nf3 d5 3. d4 Nf6 4. Nc3 c6 5. Qb3 dxc4 6. Qxc4 b5 7. Qd3 a6 8. g4 c5 9. g5 Nd5 10. dxc5 Bb7 11. Nxd5 Qxd5 12. Qxd5 Bxd5 13. Be3 Nc6 14. Bg2 g6 15. O-O Bg7 16. Rfb1 O-O 17. Ne1 Rfd8 18. Nd3 Rac8 19. Rd1 Bd4 20. h4 Bxe3 21. fxe3 h6 22. gxh6 a5 23. b3 Bxg2 24. Kxg2 Rd5 25. a4 bxa4 26. bxa4 Kh7 27. Rab1 Rc7 28. Rb5 Kxh6 29. Rdb1 e5 30. Rb7 Rxb7 31. Rxb7 e4 32. Nf2 Nd8 33. Rb5 Ne6 34. c6 Rd2 35. Rc5 Nc7 36. Nxe4 Rxe2+ 37. Kf3 Ra2 38. Rxa5 f5 39. Ng5 Rc2 40. Re5 Kh5 41. Kg3 Rc4 42. Re7 Rg4+ 43. Kf2 Rxh4 44. Nf3 1-0

[Event "Gibraltar Masters 18th"]
[Site "Gibraltar"]
[Date "2020.01.24"]
[Round "4.28"]
[White "Kobalia, Mikhail"]
[Black "Ladron De Guevara Pinto, Paolo"]
[Result "1-0"]
[ECO "C11"]
[WhiteElo "2609"]
[BlackElo "2445"]
[PlyCount "85"]
[EventDate "2020.01.21"]
[EventType "swiss"]
[EventRounds "10"]
[EventCountry "GGB"]
[SourceTitle "BritBase"]
[Source "John Saunders"]
[SourceDate "2021.06.05"]
[SourceVersion "1"]
[SourceVersionDate "2021.06.05"]
[SourceQuality "1"]
[TimeControl "40/100:0"]
[WhiteClock "0:06:47"]
[BlackClock "0:03:08"]

1. e4 e6 2. d4 d5 3. Nd2 c5 4. Ngf3 cxd4 5. Nxd4 Nf6 6. e5 Nfd7 7. Bb5 a6 8. Bxd7+ Bxd7 9. O-O Nc6 10. N2f3 Be7 11. Re1 O-O 12. Bf4 Rc8 13. Qd2 Na5 14. b3 b5 15. c3 Nb7 16. b4 Re8 17. Bg5 f6 18.
Bh4 f5 19. Nxf5 Bxh4 20. N5xh4 Rc4 21. g3 Qc7 22. Nd4 Rxc3 23. Ng2 Qc4 24. Ne3 Qd3 25. Qxd3 Rxd3 26. Red1 Rxd1+ 27. Rxd1 Rc8 28. Rd2 Kf8 29. Rc2 Rxc2 30. Nexc2 Ke7 31. f4 Be8 32. g4 h5 33. h3 hxg4 34. hxg4 Nd8 35. Kf2 Bg6 36. f5 Bh7 37. Kg3 exf5 38.
gxf5 Nf7 39. Nc6+ Ke8 40. N2d4 Ng5 41. Kf4 Nh3+ 42. Ke3 Ng5 43. Nb8 1-0

[Event "Gibraltar Masters 18th"]
[Site "Gibraltar"]
[Date "2020.01.24"]
[Round "4.29"]
[White "Praggnanandhaa, Rameshbabu"]
[Black "Murzin, Volodar"]
[Result "1-0"]
[ECO "A07"]
[WhiteElo "2602"]
[BlackElo "2442"]
[PlyCount "95"]
[EventDate "2020.01.21"]
[EventType "swiss"]
[EventRounds "10"]
[EventCountry "GGB"]
[SourceTitle "BritBase"]
[Source "John Saunders"]
[SourceDate "2021.06.05"]
[SourceVersion "1"]
[SourceVersionDate "2021.06.05"]
[SourceQuality "1"]
[TimeControl "40/100:0"]
[WhiteClock "0:45:23"]
[BlackClock "1:09:20"]

1. Nf3 d5 2. g3 Bg4 3. Bg2 c6 4. O-O Nd7 5. d3 Ngf6 6. h3 Bh5 7. c4 Bxf3 8. Bxf3 dxc4 9. dxc4 Ne5 10. Qc2 Qd4 11. Na3 e6 12. Be3 Nxf3+ 13. exf3 Qd7 14. Rad1 Qc8 15. Nb1 Be7 16. Nc3 O-O 17. Bf4 Rd8 18. Kg2 Rxd1 19. Rxd1 Qe8 20. Be3 c5 21. Ne4 b6 22. b3 Rd8 23. Rxd8 Qxd8 24. Nxf6+ Bxf6 25. Qe4 Qc8 26. a3 Be7 27. Bf4 f5 28. Qe5 Bd8 29. h4 Kf7 30. a4 Qd7 31. Qb8 h5 32. Bd6 a5 33.
Be5 Kg6 34. Bf4 Kf7 35. Bg5 Ke8 36. Qa8 Qc7 37. Bf4 Qd7 38.
Qb8 Kf7 39. Bg5 Ke8 40. g4 g6 41. gxh5 gxh5 42. Qe5 Bxg5 43. Qh8+ Ke7 44. Qg7+ Kd6 45. Qxd7+ Kxd7 46. hxg5 e5 47. Kg3 Ke6 48. Kh4 1-0

[Event "Gibraltar Masters 18th"]
[Site "Gibraltar"]
[Date "2020.01.24"]
[Round "4.30"]
[White "Can, Emre"]
[Black "Rakotomaharo, Fy Antenaina"]
[Result "1-0"]
[ECO "D97"]
[WhiteElo "2600"]
[BlackElo "2433"]
[PlyCount "61"]
[EventDate "2020.01.21"]
[EventType "swiss"]
[EventRounds "10"]
[EventCountry "GGB"]
[SourceTitle "BritBase"]
[Source "John Saunders"]
[SourceDate "2021.06.05"]
[SourceVersion "1"]
[SourceVersionDate "2021.06.05"]
[SourceQuality "1"]
[TimeControl "40/100:0"]
[WhiteClock "0:20:22"]
[BlackClock "0:00:55"]

1. d4 Nf6 2. c4 g6 3. Nc3 d5 4. Nf3 Bg7 5. Qb3 dxc4 6. Qxc4 O-O 7. e4 Be6 8. d5 Bc8 9. Be2 c6 10. O-O cxd5 11. exd5 Bg4 12. Qb3 Nbd7 13. Be3 Ne8 14. Qxb7 Nd6 15. Qa6 Bxf3 16. Bxf3 Qb8 17. Rab1 Rc8 18. Bg4 f5 19. Be2 Qb4 20. Qa4 Bxc3 21. Qxd7 Bf6 22. a3 Qa5 23. Rfd1 Rc2 24. Qe6+ Nf7 25. Bf3 Rxb2 26. Rxb2 Bxb2 27. d6 Qa4 28. Rb1 f4 29. Bxa8 fxe3 30. Bd5 exf2+ 31. Kf1 1-0

[Event "Gibraltar Masters 18th"]
[Site "Gibraltar"]
[Date "2020.01.24"]
[Round "4.31"]
[White "Khotenashvili, Bela"]
[Black "Kryakvin, Dmitry"]
[Result "1-0"]
[ECO "B14"]
[WhiteElo "2446"]
[BlackElo "2592"]
[PlyCount "151"]
[EventDate "2020.01.21"]
[EventType "swiss"]
[EventRounds "10"]
[EventCountry "GGB"]
[SourceTitle "BritBase"]
[Source "John Saunders"]
[SourceDate "2021.06.05"]
[SourceVersion "1"]
[SourceVersionDate "2021.06.05"]
[SourceQuality "1"]
[TimeControl "40/100:0"]
[WhiteClock "0:03:04"]
[BlackClock "0:02:02"]

1. d4 Nf6 2. c4 g6 3. Nc3 Bg7 4. e4 O-O 5. Nf3 c6 6. Bg5 d5 7. exd5 cxd5 8.
Bxf6 Bxf6 9. Nxd5 Bg7 10. Nc3 Bg4 11. Be2 Nc6 12. d5 Bxf3 13.
Bxf3 Bxc3+ 14. bxc3 Ne5 15. Be2 Qc7 16. Qd4 Rfc8 17. c5 Nd7 18.
c6 bxc6 19. dxc6 Ne5 20. O-O Nxc6 21. Qa4 Ne5 22. Rac1 Rab8 23. Qa3 Rb6 24. h3 Rc6 25. Rfd1 e6 26. Rd4 Rc5 27. Rc2 Rb8 28. Rd1 a5 29. Qc1 Nd7 30. Qe3 Nf6 31. Bf3 Rc8 32. Rdc1 Rc4 33. Qe1 Qc5 34. Be2 Rf4 35. Bf1 Kg7 36. Rb1 Qf5 37. Rbb2 Rc5 38. c4 h5 39. Qc3 e5 40. Rb5 Nd5 41. Qd2 Rxb5 42. cxb5 Rd4 43. Qe1 Rb4 44. Qc1 Nf4 45. Rb2 Qg5 46. Kh2 Qf6 47. Rxb4 axb4 48. Bc4 e4 49. Qe3 Qd6 50. Kg1 Qd1+ 51. Bf1 Nd5 52. Qxe4 Kh7 53. Qc4 Kg7 54. Qc5 b3 55. axb3 Qxb3 56. Qd4+ Nf6 57. b6 Qb1 58. Qd6 Ne4 59. Qe5+ Kh6 60. Qh8+ Kg5 61. Qe5+ Kh6 62. h4 Kh7 63. Qd5 f5 64. Qd7+ Kh6 65. Qd4 Kh7 66. g3 g5 67. Qd7+ Kg6 68.
Qe6+ Nf6 69. hxg5 Kxg5 70. Qf7 f4 71. gxf4+ Kf5 72. b7 h4 73. Qc7 h3 74. b8=Q h2+ 75. Kxh2 Ng4+ 76. Kg1 1-0

[Event "Gibraltar Masters 18th"]
[Site "Gibraltar"]
[Date "2020.01.24"]
[Round "4.32"]
[White "Santos Ruiz, Miguel"]
[Black "Chen, Qi B"]
[Result "0-1"]
[ECO "C54"]
[WhiteElo "2591"]
[BlackElo "2432"]
[PlyCount "44"]
[EventDate "2020.01.21"]
[EventType "swiss"]
[EventRounds "10"]
[EventCountry "GGB"]
[SourceTitle "BritBase"]
[Source "John Saunders"]
[SourceDate "2021.06.05"]
[SourceVersion "1"]
[SourceVersionDate "2021.06.05"]
[SourceQuality "1"]
[TimeControl "40/100:0"]
[WhiteClock "0:20:45"]
[BlackClock "0:42:31"]

1. e4 e5 2. Nf3 Nc6 3. Bc4 Bc5 4. c3 Nf6 5. d3 d6 6. O-O O-O 7. Re1 a5 8. Bg5 h6 9. Bh4 Ba7 10. Nbd2 g5 11. Bg3 Nh7 12. h3 h5 13. d4 h4 14. Bh2 g4 15. hxg4 Bxg4 16. Bb5 Qf6 17. Bxc6 bxc6 18. dxe5 Qg7 19. Kf1 Qh6 20. Qa4 h3 21. g3 dxe5 22. Qc2 Qf6 0-1

[Event "Gibraltar Masters 18th"]
[Site "Gibraltar"]
[Date "2020.01.24"]
[Round "4.33"]
[White "Womacka, Mathias"]
[Black "Ramirez, Alejandro"]
[Result "1/2-1/2"]
[ECO "B83"]
[WhiteElo "2439"]
[BlackElo "2574"]
[PlyCount "82"]
[EventDate "2020.01.21"]
[EventType "swiss"]
[EventRounds "10"]
[EventCountry "GGB"]
[SourceTitle "BritBase"]
[Source "John Saunders"]
[SourceDate "2021.06.05"]
[SourceVersion "1"]
[SourceVersionDate "2021.06.05"]
[SourceQuality "1"]
[TimeControl "40/100:0"]

1. e4 c5 2. Nf3 d6 3. d4 cxd4 4. Nxd4 Nf6 5. Nc3 Nc6 6. Be2 e6 7. O-O Be7 8. Be3 O-O 9. f4 e5 10. Nb3 a5 11. a4 Nb4 12. fxe5 dxe5 13. Qxd8 Rxd8 14. Rac1 Be6 15. Nc5 Bxc5 16. Bxc5 Rd2 17. Bd1 Rc8 18. Bb6 Nc6 19. Bf3 Nd4 20. Rf2 Rxf2 21. Kxf2 Nd7 22. Bxd4 exd4 23. Ne2 Ne5 24. Kg3 d3 25. cxd3 Nxd3 26. Rxc8+ Bxc8 27. b3 Kf8 28. Nd4 Ke7 29. Be2 Ne5 30. Kf4 f6 31. Ke3 Kd6 32. Kd2 g6 33.
Kc3 h5 34. b4 Bd7 35. Bb5 axb4+ 36. Kxb4 Bg4 37. a5 h4 38. h3 Bc8 39. Be2 Bd7 40. Bb5 Bc8 41. Be2 Bd7 1/2-1/2

[Event "Gibraltar Masters 18th"]
[Site "Gibraltar"]
[Date "2020.01.24"]
[Round "4.34"]
[White "Sanal, Vahap"]
[Black "Gschnitzer, Adrian"]
[Result "1-0"]
[ECO "B19"]
[WhiteElo "2569"]
[BlackElo "2388"]
[PlyCount "77"]
[EventDate "2020.01.21"]
[EventType "swiss"]
[EventRounds "10"]
[EventCountry "GGB"]
[SourceTitle "BritBase"]
[Source "John Saunders"]
[SourceDate "2021.06.05"]
[SourceVersion "1"]
[SourceVersionDate "2021.06.05"]
[SourceQuality "1"]
[TimeControl "40/100:0"]
[WhiteClock "0:50:08"]
[BlackClock "0:08:55"]

1. e4 c6 2. d4 d5 3. Nc3 dxe4 4. Nxe4 Bf5 5. Ng3 Bg6 6. h4 h6 7. Nf3 Nd7 8. h5 Bh7 9. Bd3 Bxd3 10. Qxd3 e6 11. Bd2 Ngf6 12. O-O-O Be7 13. Ne4 Nxe4 14. Qxe4 Nf6 15. Qe2 Qd5 16. c4 Qe4 17. Qxe4 Nxe4 18. Be3 f5 19. Kc2 f4 20. Kd3 fxe3 21. Kxe4 exf2 22. Rhf1 O-O 23. Rxf2 Rf5 24. Rh1 Rd8 25. Re2 Bg5 26. Kd3 c5 27. Rxe6 cxd4 28. Rhe1 Be3 29. Re7 Ra5 30. Rxb7 Rxa2 31. Ne5 Ra6 32. Rf1 Re6 33. Ng4 Bg5 34. Rff7 Re1 35. Rxg7+ Kf8 36. Rbf7+ Ke8 37. Rxa7 Kf8 38. Raf7+ Ke8 39. Nf6+ 1-0

[Event "Gibraltar Masters 18th"]
[Site "Gibraltar"]
[Date "2020.01.24"]
[Round "4.35"]
[White "Panjwani, Raja"]
[Black "Yuffa, Daniil"]
[Result "0-1"]
[ECO "E92"]
[WhiteElo "2444"]
[BlackElo "2566"]
[PlyCount "76"]
[EventDate "2020.01.21"]
[EventType "swiss"]
[EventRounds "10"]
[EventCountry "GGB"]
[SourceTitle "BritBase"]
[Source "John Saunders"]
[SourceDate "2021.06.05"]
[SourceVersion "1"]
[SourceVersionDate "2021.06.05"]
[SourceQuality "1"]
[TimeControl "40/100:0"]
[WhiteClock "0:10:40"]
[BlackClock "0:28:02"]

1. Nf3 d6 2. d4 Nf6 3. c4 g6 4. Nc3 Bg7 5. e4 O-O 6. Be2 e5 7. d5 a5 8. Be3 Ng4 9. Bg5 f6 10. Bh4 Na6 11. Nd2 h5 12. h3 Nh6 13. f3 Bd7 14. Bf2 f5 15. h4 Nc5 16. Qc2 a4 17. O-O-O fxe4 18. Ndxe4 a3 19. b3 Na6 20. Kb1 Nf5 21. Nb5 Nc5 22. Bd3 Nxd3 23. Qxd3 Ra5 24. Qd2 b6 25. Nbc3 Qe7 26. b4 Raa8 27. b5 Nd4 28. Qd3 Bf5 29. Ka1 Rf7 30. Rde1 Qf8 31. Nb1 Bxe4 32. Rxe4 Rxf3 33. gxf3 Qxf3 34. Rxd4 Qxf2 35. Qd2 Qxd4+ 36. Qxd4 exd4 37. Nd2 d3+ 38.
Kb1 Re8 0-1

[Event "Gibraltar Masters 18th"]
[Site "Gibraltar"]
[Date "2020.01.24"]
[Round "4.36"]
[White "Gukesh, Dommaraju"]
[Black "Lombaers, Peter"]
[Result "1-0"]
[ECO "B33"]
[WhiteElo "2542"]
[BlackElo "2383"]
[PlyCount "77"]
[EventDate "2020.01.21"]
[EventType "swiss"]
[EventRounds "10"]
[EventCountry "GGB"]
[SourceTitle "BritBase"]
[Source "John Saunders"]
[SourceDate "2021.06.05"]
[SourceVersion "1"]
[SourceVersionDate "2021.06.05"]
[SourceQuality "1"]
[TimeControl "40/100:0"]
[WhiteClock "0:06:03"]
[BlackClock "0:01:03"]

1. e4 c5 2. Nf3 Nc6 3. d4 cxd4 4. Nxd4 Nf6 5. Nc3 e5 6.
Ndb5 d6 7. Nd5 Nxd5 8. exd5 Nb8 9. a4 Be7 10. Be2 Nd7 11.
O-O O-O 12. Bd2 a6 13. Na3 a5 14. Nb5 f5 15. f4 Bf6 16. Kh1 Nc5 17. c3 b6 18. Be3 g6 19. Na3 exf4 20. Bxf4 g5 21. Be3 Ra7 22. Nc4 Rg7 23.
b4 Ne4 24. Bxb6 Qe7 25. Bd3 Bxc3 26. Nxa5 g4 27. Rc1 Qh4 28. Bxe4 g3 29. h3 fxe4 30. Rxf8+ Kxf8 31. Kg1 Bg4 32. Qc2 Bf6 33. Qxe4 Qh6 34. Be3 Qh5 35. Rf1 Rg6 36. Bd4 Bxh3 37. Bxf6 Bf5 38. Qe7+ Kg8 39. Qe8# 1-0

[Event "Gibraltar Masters 18th"]
[Site "Gibraltar"]
[Date "2020.01.24"]
[Round "4.37"]
[White "Merario Alarcon, Andres"]
[Black "Muzychuk, Anna"]
[Result "1/2-1/2"]
[ECO "D14"]
[WhiteElo "2412"]
[BlackElo "2539"]
[PlyCount "72"]
[EventDate "2020.01.21"]
[EventType "swiss"]
[EventRounds "10"]
[EventCountry "GGB"]
[SourceTitle "BritBase"]
[Source "John Saunders"]
[SourceDate "2021.06.05"]
[SourceVersion "1"]
[SourceVersionDate "2021.06.05"]
[SourceQuality "1"]
[TimeControl "40/100:0"]
[WhiteClock "0:29:09"]
[BlackClock "0:19:59"]

1. d4 d5 2. c4 c6 3. cxd5 cxd5 4. Bf4 Nc6 5. e3 Nf6 6. Nc3 Bf5 7. Nf3 e6 8. Be2 Bd6 9. Ne5 Bxe5 10. Bxe5 Nxe5 11. dxe5 Nd7 12. Qd4 a6 13. O-O Qb6 14. g4 Qxd4 15. exd4 Bg6 16. f4 f5 17. h4 h5 18. g5 Ke7 19. Rfc1 Rhc8 20. Na4 Be8 21. Kf2 b5 22. Nc5 Nxc5 23.
Rxc5 Rxc5 24. dxc5 g6 25. Ke3 a5 26. Kd4 Bc6 27. Rg1 Rh8 28.
Rg3 Ra8 29. Rb3 Rb8 30. Bd1 Kd7 31. a4 b4 32. Rg3 Rh8 33.
b3 Rh7 34. Be2 Rh8 35. Rg1 Kc7 36. Ra1 Kd7 1/2-1/2

[Event "Gibraltar Masters 18th"]
[Site "Gibraltar"]
[Date "2020.01.24"]
[Round "4.38"]
[White "Kotronias, Vasilios"]
[Black "Pigott, John C"]
[Result "1-0"]
[ECO "B09"]
[WhiteElo "2526"]
[BlackElo "2370"]
[PlyCount "87"]
[EventDate "2020.01.21"]
[EventType "swiss"]
[EventRounds "10"]
[EventCountry "GGB"]
[SourceTitle "BritBase"]
[Source "John Saunders"]
[SourceDate "2021.06.05"]
[SourceVersion "1"]
[SourceVersionDate "2021.06.05"]
[SourceQuality "1"]
[TimeControl "40/100:0"]
[WhiteClock "0:55:00"]
[BlackClock "0:44:35"]

1. e4 d6 2. d4 Nf6 3. Nc3 g6 4. f4 Bg7 5. Nf3 O-O 6. Bd3 Nc6 7. e5 dxe5 8.
fxe5 Nh5 9. Be3 Bg4 10. Be2 f6 11. d5 Nxe5 12. Nxe5 Bxe2 13. Qxe2 fxe5 14. O-O-O Nf6 15. g4 Qd7 16. g5 Nh5 17. Qc4 Kh8 18.
Qb5 Qc8 19. Ne4 b6 20. Bd2 Nf4 21. h4 Qe8 22. Qxe8 Rfxe8 23. c4 Rad8 24. Be3 Kg8 25. Rh2 Rd7 26. Kc2 Red8 27. Rhd2 Kf7 28. a4 a5 29. Rf1 Kg8 30. Rfd1 Kf7 31. b4 axb4 32. Kb3 Bf8 33. a5 Ra8 34. axb6 Ra3+ 35. Kxb4 Rxe3 36. Nc5 Rd8 37. b7 Rb8 38. Kb5 e6 39. dxe6+ Nxe6 40. Rf1+ Nf4 41. Rd7+ Kg8 42. Rxc7 Bd6 43. Rc8+ Kg7 44. Kc6 1-0